 Dungeon Crawl Stone Soup version 0.19-a0-1676-g39ae8cc (webtiles) character file.

23 Ginkk the Cutter (level 2, -2/26 HPs)
             Began as a Minotaur Gladiator on Sept 23, 2016.
             Slain by Eustachio
             ... wielding a +6 rapier of speed
              (11 damage)
             ... on level 4 of the Dungeon.
             The game lasted 00:04:49 (331 turns).

Ginkk the Cutter (Minotaur Gladiator)                Turns: 331, Time: 00:04:50

Health: -2/26      AC:  3    Str: 19    XL:     2   Next: 72%
Magic:  1/1        EV: 12    Int:  5    God:
Gold:   16         SH:  0    Dex: 10    Spells: 0 memorised, 1 level left

rFire  + . .     SeeInvis .     i - +0 long sword
rCold  . . .     Gourm    .     b - +0 leather armour
rNeg   . . .     Faith    .     (no shield)
rPois  +         Spirit   .     c - +0 hat
rElec  .         Dismiss  .     (no cloak)
rCorr  .         Reflect  .     (no gloves)
MR     .....     Harm     .     (no boots)
Stlth  +.........               (no amulet)
                                (no ring)
                                h - ring of protection from fire

@: no status effects
A: retaliatory headbutt, horns 2, poison resistance, regeneration 1
a: no special abilities


You were on level 4 of the Dungeon.
You were not hungry.

You visited 1 branch of the dungeon, and saw 4 of its levels.

You collected 16 gold pieces.

Inventory:

Hand Weapons
 a - a +0 rapier
 i - a +0 long sword (weapon)
Missiles
 e - 33 stones (quivered)
Armour
 b - a +0 leather armour (worn)
 c - a +0 hat (worn)
Jewellery
 h - a ring of protection from fire (left hand)
Scrolls
 j - a scroll of remove curse
Comestibles
 f - 2 bread rations
 g - a chunk of flesh


   Skills:
 + Level 3.0 Fighting
 + Level 3.7 Short Blades
 + Level 2.0 Throwing
 + Level 3.6 Dodging


You had one spell level left.
You didn't know any spells.

Dungeon Overview and Level Annotations

Branches:
Dungeon (4/15)
 Temple: D:4-7

Altars:

Annotations:
D:4 Eustachio


Innate Abilities, Weirdness & Mutations

You reflexively headbutt those who attack you in melee.
You have a pair of horns on your head.
Your system is resistant to poisons. (rPois)
Your natural rate of healing is unusually fast.


Message History

Eustachio hits you with a rapier of speed!
Ouch! That really hurt!
You barely miss Eustachio. You headbutt Eustachio!
Eustachio is moderately wounded.
Eustachio mumbles some strange words.
You miss Eustachio. You headbutt Eustachio.
Eustachio is heavily wounded.
Eustachio closely misses you. The quokka barely misses you.
You furiously retaliate!
You headbutt the quokka.
You kill the quokka!
The quokka's corpse disappears in a puff of smoke!
Eustachio barely misses you.
You barely miss Eustachio.
Eustachio is heavily wounded.
Eustachio hits you with a rapier of speed.
You closely miss Eustachio.
Eustachio is heavily wounded.
Eustachio hits you with a rapier of speed.
Eustachio hits you with a rapier of speed!
You die...

... #.# #
..#.#####
#.#......
#........
#<# #.###
##### #...#
#...# ###.#
#.#@######.#
#.#
#.#.@r.r..(#
#.#
#.##########
#.#######.#
#.........#
###########


You could see Eustachio, a river rat and a rat.

Vanquished Creatures
  An adder (D:3)
  2 leopard geckos
  An orc (D:3)
  3 goblins
  A kobold (D:3)
  A quokka (D:4)
  A bat (D:1)
10 creatures vanquished.

Notes
Turn   | Place    | Note
-------+----------+-------------------------------------------
     0 | D:1      | Ginkk the Minotaur Gladiator began the quest for the Orb.
     0 | D:1      | Reached XP level 1. HP: 18/18 MP: 0/0
   115 | D:3      | Reached XP level 2. HP: 20/25 MP: 1/1
   141 | D:3      | Gained mutation: Your natural rate of healing is unusually fast. [potion of mutation]
   141 | D:3      | Gained mutation: Your system is resistant to poisons. (rPois) [potion of mutation]
   313 | D:4      | Noticed Eustachio
   331 | D:4      | Slain by Eustachio

Vault maps used:
D:1:      elethiomel_arrival_shortcut
D:2:      nicolae_tso_swordbearing_angel, kiku_gazebo_garden_becter,
          old_standard_altar, first_bread, corexii_corridor_pit,
          minmay_quantized, uniq_natasha
D:4:      tgw_xom, nicolae_overflow_hidden_temple, hangedman_decor_growths,
          uniq_eustachio, uniq_pikel

Skill      XL: |  1  2 |
---------------+-------+-----
Fighting       | 3 |  3.0
Short Blades   | |  3.7
Throwing       | |  2.0
Dodging        | |  3.6

Action                   || total
-------------------------++-------
Melee: Rapier            ||    27
       Headbutt          ||     4
       Long sword        ||     9
Throw: Throwing net      ||     3
  Use: Scroll            ||     4
       Potion            ||     1
Armor: Leather armour    ||     5
Dodge: Dodged            ||    25
